 Dungeon Crawl Stone Soup version 0.27-a0-1154-gfdeffcb720 (webtiles) character file.

Game seed: 4641652873589644361

394 Ijustatesigmund the Chopper (level 6, -2/51 HPs)
             Began as a Hill Orc Fighter on May 14, 2021.
             Slain by a two-headed ogre
             ... wielding a +0 giant club
              (10 damage)
             ... on level 3 of the Dungeon.
             The game lasted 00:04:29 (3483 turns).

Ijustatesigmund the Chopper (Hill Orc Fighter)      Turns: 3483, Time: 00:04:29

Health: -2/51      AC:  9    Str: 19    XL:     6   Next: 81%
Magic:  6/6        EV:  5    Int: 10    God:
Gold:   87         SH: 10    Dex: 12    Spells: 5/5 levels left

rFire    . . .     SeeInvis .   a - +0 war axe
rCold    . . .     Faith    .   c - +1 kite shield
rNeg     . . .     Spirit   .   b - +0 chain mail
rPois    .         Reflect  .   (no helmet)
rElec    .         Harm     .   (no cloak)
rCorr    .         Rampage  .   (no gloves)
Will     .....                  (no boots)
Stlth    ..........             (no amulet)
HPRegen  0.17/turn              (no ring)
MPRegen  0.10/turn              (no ring)

@: mighty
A: clever 1, frail 1
a: no special abilities


You were on level 3 of the Dungeon.
You visited 1 branch of the dungeon, and saw 3 of its levels.

You collected 133 gold pieces.
You spent 46 gold pieces at shops.

Inventory:

Hand Weapons
 a - a +0 war axe (weapon)
Armour
 b - a +0 chain mail (worn)
 c - a +1 kite shield (worn)
Jewellery
 f - an amulet of the acrobat
Scrolls
 k - a scroll of magic mapping
Potions
 e - 2 potions of haste
 g - a potion of lignification {unknown}
 i - a potion of attraction
 j - a potion of flight
 l - a potion of heal wounds


   Skills:
 + Level 5.9 Fighting
 * Level 7.7 Axes
 + Level 3.3 Armour
 - Level 3.2 Shields


You had 5 spell levels left.
You didn't know any spells.
Your spell library contained the following spells:

 Spells                   Type           Power      Damage    Failure   Level
 Magic Dart               Conj           0%         1d3       100%        1
 Searing Ray              Conj           0%         3d3       100%        2
 Dazzling Flash           Conj/Hex       0%         N/A       100%        3
 Fulminant Prism          Conj/Hex       0%         3d6       100%        4
 Iskenderun's Mystic Bla  Conj/Tloc      0%         2d3       100%        4


Dungeon Overview and Level Annotations

Branches:
Dungeon (3/15)

Altars:
Xom

Shops:
D:1 (:*[*   D:3 *

Annotations:
D:3 2 runed translucent doors


Innate Abilities, Weirdness & Mutations

Your mind is acute. (Int +2)
You are frail. (-10% HP)


Message History

No target in view!
No target in view!
No target in view!
No target in view!
No target in view!
You open the door.
There is an open door here.
Found a stone staircase leading down.
e - 2 potions of haste (gained 1)
There is a stone staircase leading down here.
Found a chain mail.
You see here a +0 chain mail.
You open the door.
There is an open door here.
Found a scale mail.
There is an open door here.
Found a runed translucent gate.
No reachable target in view!
No reachable target in view!
No reachable target in view!
A two-headed ogre comes into view. It is wielding two +0 giant clubs.
The two-headed ogre shouts in stereo!
You feel very mighty all of a sudden.
You slice the two-headed ogre!!
The two-headed ogre is moderately wounded.
The two-headed ogre hits you with a +0 giant club!
The two-headed ogre barely misses you.
You barely miss the two-headed ogre.
The two-headed ogre is moderately wounded.
The two-headed ogre hits you with a +0 giant club! x2
* * * LOW HITPOINT WARNING * * *
You are too injured to fight recklessly!
You are too injured to fight recklessly!
You are too injured to fight recklessly!
You slice the two-headed ogre!!
The two-headed ogre is severely wounded.
The two-headed ogre hits you with a +0 giant club.
* * * LOW HITPOINT WARNING * * *
The two-headed ogre hits you with a +0 giant club!
You die...

#######....######.#.#.#.#.##.#
....#.#....# #.#.#.#.#.##.#
...#.##....# #.#.#.#.#.##.#
....#.#....# #.#...#.#....#
....'##....######.#####.######
....#.######............#
....'## ..........#######
....#.# ..........# ....'##
......?.@O# ....#.#
..........?..# .#'#.##
##...........# #.#.##
##..........# .#.##
Z#..........# #.#.#
..#..........# .#.##
..+..........# #.#+
..+..######### .#.#


You could see a two-headed ogre and a water moccasin zombie.

Vanquished Creatures
  A sky beast (D:3)
  A water moccasin skeleton (D:3)
  An orc priest (D:3)
  A jelly (D:2)
  Jessica (D:2)
  An orc wizard (D:3)
  6 adders
  2 worms (D:3)
  A dart slug (D:1)
  2 orcs (D:3)
  6 ball pythons
  6 bats
  6 endoplasms
  9 goblins
  8 hobgoblins
  14 jackals
  3 quokkas
  4 frilled lizards
  3 kobolds
  4 rats
80 creatures vanquished.

Notes
Turn   | Place    | Note
-------+----------+-------------------------------------------
     0 | D:1      | Ijustatesigmund the Hill Orc Fighter began the quest for
                  | the Orb.
     0 | D:1      | Reached XP level 1. HP: 19/19 MP: 1/1
    86 | D:1      | Reached skill level 3 in Axes
   225 | D:1      | Reached XP level 2. HP: 27/27 MP: 2/2
   483 | D:1      | Found a faded altar of an unknown god.
   513 | D:1      | Found Ewinoasi's General Store.
   516 | D:1      | Found Tinav's Book Emporium.
   520 | D:1      | Reached skill level 4 in Axes
   531 | D:1      | Found Qaskumpe's General Store.
   560 | D:1      | Reached XP level 3. HP: 33/33 MP: 3/3
   609 | D:1      | Found Tyreiham's Antique Armour Emporium.
   819 | D:1      | Found Alunkocu's Weapon Shoppe.
  1033 | D:1      | Gained mutation: You are frail. (-10% HP) [potion of
                  | mutation]
  1033 | D:1      | Gained mutation: You tend to lose your temper in combat.
                  | [potion of mutation]
  1034 | D:1      | Lost mutation: You are frail. (-10% HP) [potion of
                  | mutation]
  1034 | D:1      | Lost mutation: You tend to lose your temper in combat.
                  | [potion of mutation]
  1034 | D:1      | Gained mutation: Your mind is acute. (Int +2) [potion of
                  | mutation]
  1034 | D:1      | Gained mutation: You are frail. (-10% HP) [potion of
                  | mutation]
  1553 | D:2      | Reached XP level 4. HP: 30/36 MP: 4/4
  1630 | D:2      | Found a shimmering altar of Xom.
  1670 | D:2      | Noticed Jessica
  1680 | D:2      | Killed Jessica
  1681 | D:2      | Reached skill level 5 in Axes
  2037 | D:2      | Reached XP level 5. HP: 16/42 MP: 5/5
  2407 | D:3      | Noticed a sky beast
  2420 | D:3      | Killed a sky beast
  2421 | D:3      | Reached skill level 5 in Fighting
  2421 | D:3      | Reached skill level 6 in Axes
  2421 | D:3      | Reached XP level 6. HP: 20/50 MP: 6/6
  2778 | D:3      | Reached skill level 7 in Axes
  3105 | D:3      | Found Apaehato's Assorted Antiques.
  3109 | D:3      | Bought a scroll labelled IXAAWI XOAZU for 23 gold pieces
  3109 | D:3      | Bought a scroll labelled GUKAIQ JAKAYMO for 23 gold pieces
  3477 | D:3      | Found a runed translucent gate.
  3478 | D:3      | Found a runed translucent gate.
  3478 | D:3      | Noticed a two-headed ogre
  3483 | D:3      | Slain by a two-headed ogre

Illustrated notes

Levels and vault maps discovered:
D:1:      minmay_arrival_split_and_join, layout_basic,
          chequers_ecumenical_altar_island, serial_shops,
          nicolae_shop_competitors_out_of_business, nicolae_shop_stone,
          nicolae_shop_trees, shop, shop
D:2:      layout_rooms, basic_altar, minmay_split_cup_small, uniq_jessica
D:3:      layout_basic, gammafunk_ghost_necromancy, serial_shops,
          nicolae_shop_behind_doors, grunt_decor_resistance

Skill      XL: |  1  2  3  4  5  6 |
---------------+-------------------+-----
Axes           | 3 4 5 6 7 |  7.7
Fighting       | 4 5 |  5.9
Armour         | |  3.3
Shields        | |  3.2

Action                   |  1- 3 |  4- 6 || total
-------------------------+-------+-------++-------
Melee: War axe           |   107 |   118 ||   225
  Use: Scroll            |     4 |     8 ||    12
       Potion            |     2 |     1 ||     3
Armor: Scale mail        |    92 |    47 ||   139
       Chain mail        |       |     4 ||     4
Dodge: Dodged            |    40 |    38 ||    78
Block: Kite shield       |    66 |    67 ||   133

Table legend: (Time is in decaauts)
 A = Elapsed time spent in this place.
 B = Non-inter-level travel time spent in this place.
 C = Inter-level travel time spent in this place.
 D = Time resting spent in this place.
 E = Time spent auto-exploring this place.
 F = Levels seen in this place.
 G = Mean time per level.
                   A        B        C        D        E       F      G
               +--------+--------+--------+--------+--------+-----+--------+
         Total |   3590 |   3478 |    112 |    357 |   2593 |   3 | 1196.7 |
       Dungeon |   3590 |   3478 |    112 |    357 |   2593 |   3 | 1196.7 |
               +--------+--------+--------+--------+--------+-----+--------+

Top non-repeatable levels by time:
     D:1: 1399 daAuts
     D:3: 1107 daAuts
     D:2: 1084 daAuts
